 Dungeon Crawl Stone Soup version 0.31-a0-117-g42d8f58691 (webtiles) character file.

Game seed: 3222425485262071653

955 Bnni the Poker (level 8, 0/65 HPs)
             Began as a Formicid Fighter on May 31, 2023.
             Was an Initiate of Yredelemnul.
             Slain by an elf zombie (1 damage)
             ... in an ossuary.
             The game lasted 00:10:21 (4866 turns).

Bnni the Poker (Formicid Fighter)                   Turns: 4866, Time: 00:10:22

Health: 0/65       AC: 11    Str: 24    XL:     8   Next: 36%
Magic:  10/10      EV:  6    Int:  7    God:    Yredelemnul [......]
Gold:   196        SH: 10    Dex: 13    Spells: 7/7 levels left

rFire   . . .        a - +0 trident
rCold   . . .        c - +0 buckler
rNeg    . . .        d - +0 plate armour
rPois   .            (helmet unavailable)
rElec   .            (no cloak)
rCorr   .            (no gloves)
SInv    +            (no boots)
Will    +....        q - amulet of reflection Stlth
                     (no ring)
HPRegen 0.30/turn    (no ring)
MPRegen 0.12/turn

%: reflection
@: marked, enlightened, flying
A: permanent stasis, dig shafts and tunnels, antennae 3, four strong arms
a: Dig, Renounce Religion, Recall Undead Harvest


You were in an ossuary.
You worshipped Yredelemnul.
Yredelemnul was noncommittal.
You visited 2 branches of the dungeon, and saw 7 of its levels.
You also visited: Ossuary.

You collected 196 gold pieces.

Inventory:

Hand Weapons
 a - a +0 trident (weapon)
Missiles
 m - a javelin
 u - 5 poisoned darts
Armour
 c - a +0 buckler (worn)
 d - a +0 plate armour (worn)
Jewellery
 q - an amulet of reflection (around neck)
Scrolls
 b - a scroll of immolation {unknown}
 e - 4 scrolls of fog
 i - a scroll of enchant armour {unknown}
 j - 2 scrolls of identify
 n - a scroll of teleportation {unknown}
 o - a scroll of amnesia {unknown}
 p - a scroll of poison {unknown}
 r - a scroll of noise {unknown}
Potions
 g - a potion of berserk rage
 h - a potion of brilliance


   Skills:
 + Level 6.3 Fighting
 * Level 7.3 Polearms
 - Level 3.2 Armour
 - Level 4.0 Shields
 * Level 3.0 Invocations


You had 7 spell levels left.
You didn't know any spells.
Your spell library contained the following spells:

 Spells                   Type           Power      Damage    Failure   Level
 Lesser Beckoning         Tloc           0%         N/A       100%        2
 Gell's Gravitas          Tloc           0%         N/A       100%        3
 Portal Projectile        Hex/Tloc       0%         N/A       100%        3
 Teleport Other           Tloc           0%         N/A       100%        3
 Tukima's Dance           Hex            0%         N/A       100%        3
 Blade Hands              Tmut           0%         N/A       100%        5


Dungeon Overview and Level Annotations

Branches:
Dungeon (6/15)             Temple (1/1) D:5         Ossuary (1/1)

Altars:
Ashenzari
Cheibriados
Dithmenos
Elyvilon
Fedhas
Kikubaaqudgha
Makhleb
Qazlal
Ru
Sif Muna
Trog
Uskayaw
Vehumet
Yredelemnul
The Shining One


Innate Abilities, Weirdness & Mutations

You cannot be hasted, slowed, berserked, paralysed or teleported.
You can dig through walls and to a lower floor.
You have a pair of large antennae on your head. (SInv)
Your four strong arms can wield two-handed weapons with a shield.


Message History

The javelin closely misses the jackal zombie.
The javelin barely misses the kobold zombie.
The jackal zombie bites you but does no damage.
The elf zombie hits you but does no damage.
The orc zombie hits you but does no damage.
The jackal zombie bites you but does no damage.
The kobold zombie hits you but does no damage.
You barely miss the elf zombie.
The elf zombie is lightly damaged.
The elf zombie hits you but does no damage.
The orc zombie hits you but does no damage.
The jackal zombie bites you but does no damage.
Unknown command.
Unknown command.
You completely miss the elf zombie.
The elf zombie is lightly damaged.
You block the kobold zombie's attack.
The elf zombie hits you but does no damage.
The orc zombie hits you but does no damage.
You block the jackal zombie's attack.
You barely miss the elf zombie.
The elf zombie is lightly damaged.
You block the jackal zombie's attack. You block the kobold zombie's attack.
The elf zombie hits you but does no damage.
The orc zombie hits you but does no damage.
You closely miss the elf zombie.
The elf zombie is lightly damaged.
The jackal zombie barely misses you. You block the kobold zombie's attack.
The elf zombie hits you but does no damage.
The orc zombie hits you but does no damage.
You hit the elf zombie.
The elf zombie is lightly damaged.
You block the jackal zombie's attack. You block the kobold zombie's attack.
The jackal zombie bites you.
* * * LOW HITPOINT WARNING * * *
You hit the elf zombie.
The elf zombie is lightly damaged.
The elf zombie hits you.
You die...
Your body rises from the dead as a mindless zombie.

#....................#
#....................#
#........8..8........#
#....................#
#...######^.######...#
#...# #^.# #...# #...#
#.Z# {#...#
#...#.####ZZ####Z#...#
#...#.....ZZ@ZZZZ#...#
#...#.....ZZ####.#...#
#...#.......# #...#
#...#.......# #...#
#...#.....∩.# #...#
#...####'.... #...#
#...# .#...# #...#
#...#{..#... {{ #...#
#...##############...#


You could see 2 jackal zombies, 2 hobgoblin zombies, 5 kobold zombies, an orc
zombie, an elf zombie and a centaur zombie.

Vanquished Creatures
  Blork the orc (D:6)
  A scorpion (D:5)
  A howler monkey (D:5)
  3 hounds (D:5)
  A human zombie (Ossuary)
  An orc priest (D:5)
  2 gnoll boudas
  4 iguanas
  2 orc wizards (D:4)
  2 mummies (Ossuary)
  10 gnolls
  12 adders
  An adder zombie (Ossuary)
  5 worms
  2 dart slugs (D:1)
  9 orcs
  7 bats
  10 endoplasms
  2 giant cockroaches
  7 goblins
  9 hobgoblins
  9 jackals
  3 quokkas
  8 ball pythons
  12 frilled lizards
  6 hobgoblin zombies (Ossuary)
  A jackal zombie (Ossuary)
  8 kobolds
  10 kobold zombies (Ossuary)
  4 orc zombies (Ossuary)
  5 rats
  A rat zombie (Ossuary)
159 creatures vanquished.

Vanquished Creatures (collateral kills)
  A hound (D:5)
  An adder (D:5)
2 creatures vanquished.

Vanquished Creatures (others)
  A hound zombie (D:5)
1 creature vanquished.

Grand Total: 162 creatures vanquished

Notes
Turn   | Place    | Note
-------+----------+-------------------------------------------
     0 | D:1      | Bnni the Formicid Fighter began the quest for the Orb.
     0 | D:1      | Reached XP level 1. HP: 18/18 MP: 1/1
    61 | D:1      | Reached XP level 2. HP: 11/24 MP: 2/2
   445 | D:1      | Reached XP level 3. HP: 30/30 MP: 3/3
   470 | D:1      | Reached skill level 3 in Polearms
   858 | D:2      | Reached XP level 4. HP: 37/37 MP: 4/4
  1935 | D:3      | Reached skill level 4 in Polearms
  1961 | D:3      | Reached XP level 5. HP: 38/42 MP: 5/5
  3098 | D:4      | Reached XP level 6. HP: 49/49 MP: 6/6
  3135 | D:4      | Reached skill level 5 in Polearms
  3491 | D:4      | Reached skill level 5 in Fighting
  3737 | D:5      | Entered Level 5 of the Dungeon
  3798 | D:5      | Reached XP level 7. HP: 56/56 MP: 7/7
  3831 | D:5      | Reached skill level 6 in Polearms
  3831 | D:5      | HP: 1/56 [gnoll/+0 flail[a gnoll bouda] (8)]
  4445 | D:5      | Found a staircase to the Ecumenical Temple.
  4463 | Temple   | Entered the Ecumenical Temple
  4496 | Temple   | Became a worshipper of Yredelemnul the Dark
  4530 | D:5      | Reached * piety under Yredelemnul
  4530 | D:5      | Reached skill level 1 in Invocations
  4574 | D:5      | Reached XP level 8. HP: 64/64 MP: 8/8
  4585 | D:5      | Reached skill level 7 in Polearms
  4667 | D:6      | Noticed Blork the orc
  4674 | D:6      | Killed Blork the orc
  4688 | D:6      | Found a sand-covered staircase.
  4693 | Ossuary  | Entered an ossuary
  4839 | Ossuary  | HP: 3/64 [mummy (14)]
  4859 | Ossuary  | HP: 1/65 [elf zombie (6)]
  4865 | Ossuary  | HP: 1/65 [jackal zombie (2)]
  4866 | Ossuary  | Slain by an elf zombie

Illustrated notes

Levels and vault maps discovered:
D:1:      lemuel_arrival_hallway, layout_loops_ring, hex_tiny,
          minmay_misc_feat_nine_boxes
D:2:      layout_loops_ring, serial_co_window_serial,
          co_window_of_opportunity_a, co_window_paths_a,
          co_window_of_opportunity_a, co_window_of_opportunity_a,
          co_window_corner_a, co_window_unsneaky_path_a, co_window_paths_c,
          co_window_unsneaky_path_e, co_window_of_opportunity_c, co_window_sun,
          glass_columns_a, glass_columns_a, glass_columns_c, glass_columns_a,
          glass_columns_a
D:3:      cheibrodos_old_hovel, layout_basic, kennysheep_generic_room_10
D:4:      nicolae_cairo_tiling_large, layout_basic
D:5:      layout_basic, minmay_temple_entry_proselytizer, serial_glass,
          glass_columns_c, glass_columns_a, minmay_lizard_king
D:6:      layout_loops_cross, worldfamousw_hep_ancestral_shrine,
          enter_ossuary_5, serial_bayou_pond_a, sigmund_edmund_badplayer,
          uniq_blork_the_orc
Temple:   hellmonk_temple_two_chambers
Ossuary:  ossuary_tomb_1

Skill      XL: |  1  2  3  4  5  6  7  8 |
---------------+-------------------------+-----
Polearms       | 3 4 5 6 7 |  7.3
Fighting       | 4 5 6 |  6.3
Invocations    | 1 3 |  3.0
Armour         | |  3.2
Shields        | |  4.0

Action                     |  1- 3 |  4- 6 |  7- 9 || total
---------------------------+-------+-------+-------++-------
  Melee: Trident           |    84 |   257 |   254 ||   595
  Throw: Dart              |       |     3 |     3 ||     6
         Javelin           |       |       |     3 ||     3
         Boomerang         |       |       |     1 ||     1
    Use: Scroll            |       |     1 |     1 ||     2
         Potion            |       |     1 |     6 ||     7
 Armour: Scale mail        |    31 |    47 |       ||    78
         Chain mail        |       |     9 |    19 ||    28
         Plate armour      |       |       |   107 ||   107
  Dodge: Dodged            |    32 |    68 |    69 ||   169
  Block: Buckler           |    10 |    67 |   129 ||   206
         Reflection        |       |     1 |       ||     1

Table legend: (Time is in decaauts)
 A = Elapsed time spent in this place.
 B = Non-inter-level travel time spent in this place.
 C = Inter-level travel time spent in this place.
 D = Time resting spent in this place.
 E = Time spent auto-exploring this place.
 F = Levels seen in this place.
 G = Mean time per level.
                   A        B        C        D        E       F      G
               +--------+--------+--------+--------+--------+-----+--------+
         Total |   4909 |   4797 |    112 |    159 |   3486 |   8 |  613.6 |
       Dungeon |   4696 |   4592 |    104 |    159 |   3453 |   6 |  782.7 |
        Temple |     42 |     34 |      8 |      0 |     18 |   1 |   42.0 |
       Ossuary |    170 |    170 |      0 |      0 |     15 |   1 |  170.0 |
               +--------+--------+--------+--------+--------+-----+--------+

Top non-repeatable levels by time:
     D:4: 1140 daAuts
     D:2: 1004 daAuts
     D:3: 901 daAuts
     D:5: 882 daAuts
     D:1: 735 daAuts
 Ossuary: 170 daAuts
  Temple: 42 daAuts
     D:6: 32 daAuts
